 Dungeon Crawl Stone Soup version 0.20-a0-1020-g7b9e4fe (webtiles) character file.

1722 inmateoo the Grappler (level 8, -18/67 HPs)
             Began as a Troll Enchanter on Apr 18, 2017.
             Was an Initiate of Cheibriados.
             Demolished by a two-headed ogre
             ... wielding a cursed -3 giant club
              (24 damage)
             ... on level 7 of the Dungeon.
             The game lasted 00:08:52 (4458 turns).

inmateoo the Grappler (Troll Enchanter)             Turns: 4458, Time: 00:08:52

Health: -18/67     AC:  7    Str: 20    XL:     8   Next: 75%
Magic:  8/8        EV: 10    Int: 17    God:    Cheibriados [......]
Gold:   249        SH:  0    Dex: 11    Spells: 8/9 levels left

rFire    . . .     SeeInvis .     - Unarmed
rCold    . . .     Gourm    +   (no shield)
rNeg     . . .     Faith    .   s - +2 robe {MR+}
rPois    .         Spirit   .   (helmet restricted)
rElec    .         Reflect  .   (no cloak)
rCorr    .         Harm     .   (gloves unavailable)
MR       +....                  (boots unavailable)
Stlth    ++........             (no amulet)
Regen    0.7/turn               w - +5 ring of intelligence
MPRegen  0.2/turn               (no ring)

@: very slow
A: unfitting armour, claws 3, fast metabolism 3, gourmand, regeneration 1,
shaggy fur 1, tough skin 2
a: Bend Time, Renounce Religion


You were on level 7 of the Dungeon.
You worshipped Cheibriados.
Cheibriados was noncommittal.
You were not hungry.

You visited 1 branch of the dungeon, and saw 6 of its levels.
You also visited: Ossuary.

You collected 249 gold pieces.

Inventory:

Hand Weapons
 a - a +2 dagger
Armour
 s - a +2 robe of magic resistance (worn)
Jewellery
 w - a +5 ring of intelligence (left claw)
Scrolls
 e - 2 scrolls of enchant weapon
 h - a scroll of recharging
 j - 3 scrolls of remove curse
 m - a scroll of teleportation
 n - 2 scrolls of immolation
Potions
 b - a potion of mutation {unknown}
 f - 10 potions of curing
 g - a potion of berserk rage
 o - a potion of brilliance
 p - 2 potions of lignification
 q - a potion of might
 r - a potion of agility
 t - a potion of flight
 u - 2 potions of haste
 v - a potion of resistance
 x - a potion of invisibility
Books
 c - a book of Maledictions

   Spells                             Type                      Level
   a - Corona                         Hexes                        1
   b - Ensorcelled Hibernation        Hexes/Ice                    2
   c - Confuse                        Hexes                        3
   d - Tukima's Dance                 Hexes                        3
   e - Dazzling Spray                 Conjuration/Hexes            3
Comestibles
 d - 6 bread rations
 i - 8 fruits
 k - 4 meat rations
 l - 4 royal jellies
 z - 2 chunks of flesh


   Skills:
 - Level 0.7 Short Blades
 - Level 1.5 Dodging
 - Level 1.5 Stealth
 + Level 11.0 Unarmed Combat
 - Level 1.2 Spellcasting
 - Level 2.0 Hexes


You had 8 spell levels left.
You knew the following spells:

 Your Spells              Type           Power        Failure   Level  Hunger
a - Corona                Hex            #......      12%         1    ##.....


Dungeon Overview and Level Annotations

Branches:
Dungeon (7/15)
 Temple: D:4-7

Altars:
Cheibriados
Elyvilon
Nemelex Xobeh
Ru

Annotations:
D:6 Prince Ribbit


Innate Abilities, Weirdness & Mutations

You are too large for most types of armour.
You have claws for hands.
Your metabolism is lightning-fast.
You like to eat raw meat.
Your natural rate of healing is unusually fast.
You are covered in fur. (AC +1)
You have very tough skin. (AC +2)


Message History

an uncursed shortbow; 11 arrows As you open the door, it creaks loudly!
The two-headed ogre shouts in stereo!
You scratch the two-headed ogre.
The two-headed ogre is lightly wounded.
The two-headed ogre hits you with a giant club!!
The two-headed ogre misses you.
You barely miss the two-headed ogre.
The two-headed ogre is lightly wounded.
The two-headed ogre barely misses you.
The two-headed ogre hits you with a giant spiked club!!
* * * LOW HITPOINT WARNING * * *
Unknown command.
You mangle the two-headed ogre!!
The two-headed ogre is heavily wounded.
You mangle the two-headed ogre!!
The two-headed ogre is severely wounded.
The two-headed ogre hits you with a giant club!
* * * LOW HITPOINT WARNING * * *
The two-headed ogre hits you with a giant spiked club!!
You die...

.8..'...._#................#,,,,,
....'.....#................#,,,,,
....#.....#................#,,,,,
.##########................#,,,,,
'###*,**,*#..####'##########,,,,,
...##,**,*#..**#..........?.,,,,,
....#,,,,,#...,#............,,,,,
....#,,,,.#....#............,,,,,
....#,,,,.'....O@...........,,,,,
#'##############((..........,,,,,
...##...#......(..(.)##'###******
...#....#............#,,,,,>,,,,,
...#....#............#,,,,,,,,,,,
...#....'............#,,,,,,,,,,,
##'###'##............#*,<,,****+*
...#......############*,,,,****,*
...'......#,,,,,,,,,,,*,,,,,,,,,,


You could see a two-headed ogre.

Vanquished Creatures
  Pikel (D:6)
  A wraith (Ossuary)
  A slave (D:6)
  2 phantoms (D:6)
  2 centaurs
  Blork the orc (D:6)
  A bullfrog (D:6)
  2 scorpions
  A human zombie (Ossuary)
  2 orc priests (D:3)
  A hound (D:3)
  A jelly (D:6)
  An orc wizard (D:3)
  Terence (D:2)
  An iguana (D:6)
  A worker ant (D:7)
  A hound zombie (D:6)
  4 mummies
  7 gnolls
  7 adders
  2 shadow imps
  2 worms
  A dart slug (D:3)
  2 leopard geckos
  11 orcs (D:3)
  4 giant cockroaches
  A goblin (D:2)
  7 hobgoblins
  4 jackals (D:4)
  6 kobolds
  A quokka (D:4)
  A ball python (D:2)
  9 bats
  A frilled lizard (D:3)
  A gnoll zombie (Ossuary)
  A goblin zombie (Ossuary)
  4 hobgoblin zombies (Ossuary)
  3 kobold zombies (Ossuary)
  A leopard gecko zombie (D:6)
  8 rats
109 creatures vanquished.

Notes
Turn   | Place    | Note
-------+----------+-------------------------------------------
     0 | D:1      | inmateoo the Troll Enchanter began the quest for the Orb.
     0 | D:1      | Reached XP level 1. HP: 16/16 MP: 1/1
    59 | D:1      | Reached skill level 1 in Unarmed Combat
   174 | D:1      | Reached XP level 2. HP: 24/24 MP: 2/2
   414 | D:1      | Reached skill level 2 in Unarmed Combat
  1028 | D:2      | Reached XP level 3. HP: 28/31 MP: 3/3
  1057 | D:2      | Reached skill level 3 in Unarmed Combat
  1252 | D:2      | Noticed Terence
  1262 | D:2      | Killed Terence
  1262 | D:2      | Reached XP level 4. HP: 39/39 MP: 4/4
  1497 | D:3      | Reached skill level 4 in Unarmed Combat
  1539 | D:3      | Reached XP level 5. HP: 36/45 MP: 5/5
  1605 | D:3      | Reached skill level 5 in Unarmed Combat
  1944 | D:3      | Found a white marble altar of Elyvilon.
  2406 | D:3      | Reached XP level 6. HP: 53/53 MP: 6/6
  2549 | D:4      | Reached skill level 6 in Unarmed Combat
  2641 | D:4      | You fall through a shaft for 2 floors!
  2693 | D:6      | Reached skill level 7 in Unarmed Combat
  2701 | D:6      | Noticed Blork the orc
  2715 | D:6      | Killed Blork the orc
  2715 | D:6      | Reached XP level 7. HP: 5/59 MP: 7/7
  2809 | D:6      | Found a sand-covered staircase.
  2844 | Ossuary  | Entered an ossuary
  2844 | Ossuary  | Noticed a wraith
  2844 | Ossuary  | Noticed a wraith
  2844 | Ossuary  | Noticed a wraith
  2906 | Ossuary  | Reached skill level 8 in Unarmed Combat
  3174 | Ossuary  | Noticed a wraith
  3179 | Ossuary  | Killed a wraith
  3320 | D:6      | Noticed Prince Ribbit
  3335 | D:6      | Reached skill level 9 in Unarmed Combat
  3456 | D:6      | Reached XP level 8. HP: 63/67 MP: 8/8
  3647 | D:6      | Noticed Pikel
  3667 | D:6      | Killed Pikel
  3667 | D:6      | Reached skill level 10 in Unarmed Combat
  4019 | D:7      | Found a sparkling altar of Nemelex Xobeh.
  4036 | D:7      | Found a sacrificial altar of Ru.
  4209 | D:7      | Noticed a two-headed ogre
  4380 | D:7      | Found a snail-covered altar of Cheibriados.
  4391 | D:7      | Became a worshipper of Cheibriados the Contemplative
  4446 | D:7      | Reached skill level 11 in Unarmed Combat
  4458 | D:7      | Demolished by a two-headed ogre

Vault maps used:
D:1:      saegor_arrival_simple_f, serial_park_tiny_1
D:2:      corexii_corridor_pit, uniq_terence
D:3:      cheibrodos_pilgrimage, roderic_lattice_a, elyvilon_altar_4
D:4:      minmay_temple_entry_crystal_x, st_stairs_7
D:6:      gup_ossuary_entry_pyramid, minmay_stone_trees_small, uniq_pikel,
          uniq_blork_the_orc, uniq_prince_ribbit1
D:7:      nemelex_xobeh_ov_fountains_minmay, slow_altar_2, hangedman_ru_absence
Ossuary:  ossuary_kennysheep_city_of_the_dead

Skill      XL: |  1  2  3  4  5  6  7  8 |
---------------+-------------------------+-----
Unarmed Combat | 1 2 3 4 5 7 9 11 | 11.0
Short Blades   | |  0.7
Dodging        | |  1.5
Stealth        | |  1.5
Spellcasting   | |  1.2
Hexes          | |  2.0

Action                   |  1- 3 |  4- 6 |  7- 9 || total
-------------------------+-------+-------+-------++-------
Melee: Unarmed           |    75 |   161 |   127 ||   363
       Punch             |       |     1 |     3 ||     4
  Use: Scroll            |       |    11 |    13 ||    24
 Stab: Sleeping          |     4 |     3 |     1 ||     8
  Eat: Chunk             |    12 |    10 |    12 ||    34
       Meat ration       |     1 |       |       ||     1
Armor: Robe              |    32 |    65 |    15 ||   112
Dodge: Dodged            |    45 |    83 |    33 ||   161
